 Dungeon Crawl Stone Soup version 0.31-a0-627-gd65175cf8b (webtiles) character file.

Game seed: 9810209066990155226

116 CrazyBamboolord the Changeling (level 5, 0/37 HPs)
             Began as a Merfolk Shapeshifter on Aug 25, 2023.
             Slain by a kobold brigand
             ... wielding a +0 short sword
              (7 damage)
             ... in a sewer.
             The game lasted 00:04:43 (2663 turns).

CrazyBamboolord the Changeling (MfSh)               Turns: 2663, Time: 00:04:44

Health: 0/37       AC:  2    Str: 17    XL:     5   Next: 1%
Magic:  5/5        EV: 12    Int:  8    God:
Gold:   104        SH:  0    Dex: 14    Spells: 4/4 levels left

rFire   . .          .
                       - Unarmed
rCold   . . .        (no shield)
rNeg    . . .        a - +0 animal skin
rPois   .            (helmet currently unavailable)
rElec   .            (cloak currently unavailable)
rCorr   .            (gloves currently unavailable)
SInv    +            (boots currently unavailable)
Will    .....        (no amulet)
Stlth   +            b - ring of see invisible
HPRegen 0.26/turn    j - ring of flight
MPRegen 0.09/turn

%: no passive effects
@: beast-form, flying
A: beast (slay +3), (nimble swimmer 2), mertail
a: Begin Untransformation


You were in a sewer.
You were a hulking beast.
You visited 1 branch of the dungeon, and saw 4 of its levels.
You also visited: Sewer.

You collected 188 gold pieces.
You spent 84 gold pieces at shops.

Inventory:

Armour
 a - a +0 animal skin (worn)
Jewellery
 b - a ring of see invisible (left hand)
 h - a ring of fire
 j - a ring of flight (right hand)
Talismans
 c - a beast talisman (active)
 d - a flux talisman
 s - a blade talisman
Wands
 e - a wand of quicksilver (9)
 k - a wand of mindburst (4) (quivered)
Scrolls
 f - a scroll of torment
 m - a scroll of fog
 n - 2 scrolls of teleportation
 p - a scroll of enchant armour
 r - a scroll of poison
Potions
 g - a potion of attraction
 i - a potion of haste {unknown}
 l - a potion of lignification
 o - a potion of magic {unknown}
 q - a potion of might {unknown}


   Skills:
 - Level 1.1 Fighting
 - Level 2.6 Dodging
 - Level 3.2 Unarmed Combat
 + Level 6.9 Shapeshifting


You had 4 spell levels left.
You didn't know any spells.
Your spell library contained the following spells:

 Spells                   Type           Power      Damage    Failure   Level
 Foxfire                  Conj/Fire      0%         2x1d4     41%         1
 Freeze                   Ice            0%         1d3       41%         1
 Slow                     Hex            0%         N/A       41%         1
 Wereblood                Tmut           0%         N/A       54%         2
 Confusing Touch          Hex            0%         N/A       78%         3
 Frozen Ramparts          Ice            0%         1d1       78%         3
 Hailstorm                Conj/Ice       0%         3d3       78%         3
 Inner Flame              Hex/Fire       0%         N/A       78%         3
 Vampiric Draining        Necr           0%         2d6       78%         3
 Irradiate                Conj/Tmut      0%         3d11      100%        5
 Yara's Violent Unravell  Hex/Tmut       0%         3d3       100%        5
 Plasma Beam              Fire/Air       0%         2x1d10    100%        6
 Starburst                Conj/Fire      0%         6d3       100%        6
 Enfeeble                 Hex            0%         N/A       100%        7


Dungeon Overview and Level Annotations

Branches:
Dungeon (4/15)              Sewer (1/1)
 Temple: D:4-7

Altars:
Ru
Wu Jian

Shops:
D:2 ?=?


Innate Abilities, Weirdness & Mutations

You are a hulking beast.
Your limbs bulge with bestial killing power. (Slay +3)
((You are very nimble when in or above water. (Stealth+, EV+, Speed+++)))
Your lower body shifts to a powerful aquatic tail in water.


Message History

There are monsters nearby!
There are monsters nearby!
The kobold shouts!
You hit the kobold brigand.
The kobold brigand is lightly wounded.
The kobold brigand hits you with a +0 short sword.
You hit the kobold brigand.
The kobold brigand is lightly wounded.
You barely miss the kobold brigand.
The kobold brigand is lightly wounded.
The kobold barely misses you. The kobold brigand misses you.
Unknown command.
You barely miss the kobold brigand. Your punch misses the kobold brigand.
The kobold brigand is lightly wounded.
The kobold hits you but does no damage. x2
The kobold brigand hits you with a +0 short sword.
Aiming: Mindburst
Press: ? - help, Q - select action, (/) - cycle Shift-Dir - straight line, f - kobold brigand
Aim: a kobold brigand, wielding a +0 short sword and quivering poisoned darts (lightly wounded, chance to affect: 64%)
The kobold brigand struggles to resist.
The kobold hits you with a +0 dagger. The kobold hits you with a +0 club.
The kobold brigand hits you with a +0 short sword.
Aiming: Mindburst
Press: ? - help, Q - select action, (/) - cycle Shift-Dir - straight line, f/p - kobold brigand
Aim: a kobold brigand, wielding a +0 short sword and quivering poisoned darts (lightly wounded, chance to affect: 64%)
The kobold brigand's mind is blasted!
The kobold misses you. The kobold barely misses you.
The kobold brigand hits you with a +0 short sword!
* * * LOW HITPOINT WARNING * * *
Unknown command.
Aiming: Mindburst
Press: ? - help, Q - select action, (/) - cycle Shift-Dir - straight line, f/p - kobold brigand
Aim: a kobold brigand, wielding a +0 short sword and quivering poisoned darts (heavily wounded, chance to affect: 64%)
The kobold brigand struggles to resist.
The kobold hits you with a +0 dagger.
* * * LOW HITPOINT WARNING * * *
The kobold hits you with a +0 club.
* * * LOW HITPOINT WARNING * * *
The kobold brigand hits you with a +0 short sword!
You die...

########## ###.....##.#
...........### ####
.............#..!.#####
...P......†.hK....#.∩.#
P......~~~~.KK..∩.#.∩.#
.......~P~~~.#....#...#
#########~~########'###
~~~~~~~~~~~~~~~~~~≈#
≈≈≈≈~≈≈≈≈≈~≈≈≈≈≈~≈≈#
~~~~~~~~~~~~~~~~~~≈#
~~~#################
P~~


You could see a kobold brigand and 2 kobolds.

Vanquished Creatures
  5 adders
  2 worms
  2 dart slugs
  3 orcs
  7 ball pythons
  6 bats
  6 endoplasms
  2 giant cockroaches
  5 hobgoblins
  2 jackals (D:2)
  6 quokkas
  A frilled lizard (Sewer)
  3 goblins
  7 kobolds
  A rat (D:1)
58 creatures vanquished.

Notes
Turn   | Place    | Note
-------+----------+-------------------------------------------
     0 | D:1      | CrazyBamboolord the Merfolk Shapeshifter began the quest
                  | for the Orb.
     0 | D:1      | Reached XP level 1. HP: 15/15 MP: 1/1
    80 | D:1      | Reached XP level 2. HP: 20/21 MP: 2/2
   302 | D:1      | Reached skill level 5 in Shapeshifting
   501 | D:1      | Reached XP level 3. HP: 26/26 MP: 3/3
  1059 | D:2      | Reached skill level 6 in Shapeshifting
  1062 | D:2      | Reached XP level 4. HP: 11/32 MP: 4/4
  1387 | D:2      | Found Defedama's Jewellery Boutique.
  1583 | D:2      | Found Vosif's Magic Scroll Shop.
  1586 | D:2      | Bought a scroll of teleportation for 42 gold pieces
  1586 | D:2      | Bought a scroll of teleportation for 42 gold pieces
  1672 | D:2      | Found Waleog's Magic Scroll Shop.
  2174 | D:3      | Found an ornate altar of the Wu Jian Council.
  2515 | D:4      | Found a sacrificial altar of Ru.
  2566 | D:4      | Reached XP level 5. HP: 21/37 MP: 5/5
  2566 | D:4      | Found a glowing drain.
  2575 | Sewer    | Entered a sewer
  2656 | Sewer    | Noticed a kobold brigand
  2663 | Sewer    | Slain by a kobold brigand

Illustrated notes

Levels and vault maps discovered:
D:1:      amcnicky_arrival_gap_in_the_tavern_cellar, layout_loops_cross,
          chequers_serial_rivers_micro_a
D:2:      minmay_chambers_of_twos, layout_loops_ring, serial_shops,
          nicolae_shop_pleasant_corner_grove, nicolae_shop_real_fake_doors,
          nicolae_shop_statue_plus, grunt_decor_mini_mirrors
D:3:      layout_loops_ring, mainiacjoe_overflow_paths,
          chequers_serial_rivers_room_a
D:4:      layout_rooms, nicolae_ru_path_of_blood, portal_sewer_entry_d
Sewer:    kennysheep_pipe_town

Skill      XL: |  1  2  3 |
---------------+----------+-----
Shapeshifting  | 5 6 |  6.9
Fighting       | |  1.1
Dodging        | |  2.6
Unarmed Combat | |  3.2

Action                     |  1- 3 |  4- 6 || total
---------------------------+-------+-------++-------
  Melee: Unarmed           |    94 |    57 ||   151
         Punch             |     2 |     2 ||     4
  Evoke: Wand              |       |     7 ||     7
    Use: Potion            |     1 |       ||     1
         Scroll            |       |     6 ||     6
   Stab: Sleeping          |       |     1 ||     1
 Armour: Animal skin       |    19 |     9 ||    28
         Skin              |     1 |       ||     1
  Dodge: Dodged            |    63 |    22 ||    85

Table legend: (Time is in decaauts)
 A = Elapsed time spent in this place.
 B = Non-inter-level travel time spent in this place.
 C = Inter-level travel time spent in this place.
 D = Time resting spent in this place.
 E = Time spent auto-exploring this place.
 F = Levels seen in this place.
 G = Mean time per level.
                   A        B        C        D        E       F      G
               +--------+--------+--------+--------+--------+-----+--------+
         Total |   2643 |   2482 |    161 |     51 |   1981 |   5 |  528.6 |
       Dungeon |   2560 |   2399 |    161 |      0 |   1967 |   4 |  640.0 |
         Sewer |     82 |     82 |      0 |     51 |     13 |   1 |   82.0 |
               +--------+--------+--------+--------+--------+-----+--------+

Top non-repeatable levels by time:
     D:2: 983 daAuts
     D:1: 760 daAuts
     D:3: 694 daAuts
     D:4: 122 daAuts
   Sewer: 82 daAuts
